 Dungeon Crawl Stone Soup version 0.31-a0-229-g1fc7ce93e2 (webtiles) character file.

Game seed: 4707079079590058112

4 Zonian the Vexing (level 1, -1/10 HPs)
             Began as a Deep Elf Enchanter on July 7, 2023.
             Slain by a goblin
             ... wielding a +1 vampiric dagger
              (3 damage)
             ... on level 1 of the Dungeon.
             The game lasted 00:00:34 (161 turns).

Zonian the Vexing (Deep Elf Enchanter)               Turns: 161, Time: 00:00:35

Health: -1/10      AC:  2    Str:  5    XL:     1   Next: 58%
Magic:  6/6        EV: 12    Int: 19    God:
Gold:   12         SH:  0    Dex: 15    Spells: 6/6 levels left

rFire   . . .        a - +1 dagger
rCold   . . .        (no shield)
rNeg    . . .        b - +0 robe
rPois   .            (no helmet)
rElec   .            (no cloak)
rCorr   .            (no gloves)
SInv    .            (no boots)
Will    .....        (no amulet)
Stlth   +++          (no ring)
HPRegen 0.21/turn    (no ring)
MPRegen 0.10/turn

%: no passive effects
@: no status effects
A: no striking features
a: no special abilities


You were on level 1 of the Dungeon.
You visited 1 branch of the dungeon, and saw 1 of its levels.

You collected 12 gold pieces.

Inventory:

Hand Weapons
 a - a +1 dagger (weapon)
Armour
 b - a +0 robe (worn)
Potions
 c - 2 potions of invisibility


   Skills:
 + Level 1.1 Short Blades
 + Level 2.5 Dodging
 + Level 3.7 Stealth
 + Level 3.1 Spellcasting
 + Level 4.1 Hexes


You had 6 spell levels left.
You didn't know any spells.
Your spell library contained the following spells:

 Spells                   Type           Power      Damage    Failure   Level
 Confusing Touch          Hex            18%        N/A       9%          3
 Tukima's Dance           Hex            18%        N/A       9%          3
 Ensorcelled Hibernation  Hex/Ice        20%        N/A       10%         2
 Dazzling Flash           Conj/Hex       20%        N/A       19%         3


Dungeon Overview and Level Annotations

Branches:
Dungeon (1/15)

Altars:


Message History

You miss the bat. The bat hits you but does no damage.
You hit the kobold.
You kill the kobold!
The bat barely misses you.
Unknown command.
The bat hits you but does no damage.
A goblin comes into view. It is wielding a +1 vampiric dagger.
Things that are here:
a +0 short sword; a ball python corpse A rat comes into view.
Found a ring mail.
The bat completely misses you.
The goblin hits you with a +1 vampiric dagger.
The bat barely misses you.
You hit the bat.
You kill the bat!
The goblin closely misses you.
Things that are here:
a +0 short sword; a ball python corpse You hit the goblin.
The goblin is moderately wounded.
The rat bites you but does no damage.
The goblin hits you with a +1 vampiric dagger.
The goblin draws strength from your wounds!
You barely miss the goblin. The goblin misses you. The rat bites you.
* * * LOW HITPOINT WARNING * * *
Unknown command.
You hit the goblin but do no damage. The rat bites you.
* * * LOW HITPOINT WARNING * * *
The goblin barely misses you.
Unknown command.
You hit the goblin but do no damage. The rat barely misses you.
The goblin closely misses you.
Unknown command.
You hit the goblin but do no damage. The goblin completely misses you.
The rat bites you.
* * * LOW HITPOINT WARNING * * *
Unknown command.
You closely miss the goblin. The rat misses you.
The goblin hits you with a +1 vampiric dagger.
You die...

#.# #. #.# .) #
#.# .## #. #.#
...### ####.###.#
......
.........###...##.
#.# #..$........#
#.# ##..#..####..
#.# ####.##@## #.#
#..†.#rg#
#.#.##.##.#...[#
#.#....##.##..##
##.####.##..####
#.......##...
#..#######..##
#..#######.(#
#............


You could see a goblin and a rat.

Vanquished Creatures
  2 ball pythons (D:1)
  2 bats (D:1)
  2 kobolds (D:1)
6 creatures vanquished.

Notes
Turn   | Place    | Note
-------+----------+-------------------------------------------
     0 | D:1      | Zonian the Deep Elf Enchanter began the quest for the Orb.
     0 | D:1      | Reached XP level 1. HP: 10/10 MP: 6/6
   161 | D:1      | Slain by a goblin

Illustrated notes

Levels and vault maps discovered:
D:1:      sevenhm_arrival_forest_fort_large_2, layout_loops_ring,
          minmay_misc_feat_secret_circle, chequers_serial_rivers_micro_b,
          minmay_close_crescents

Action                     || total
---------------------------++-------
  Melee: Dagger            ||    26
 Armour: Robe              ||     7
  Dodge: Dodged            ||    28

Table legend: (Time is in decaauts)
 A = Elapsed time spent in this place.
 B = Non-inter-level travel time spent in this place.
 C = Inter-level travel time spent in this place.
 D = Time resting spent in this place.
 E = Time spent auto-exploring this place.
 F = Levels seen in this place.
 G = Mean time per level.
                   A        B        C        D        E       F      G
               +--------+--------+--------+--------+--------+-----+--------+
         Total |    159 |    159 |      0 |      0 |    116 |   1 |  159.0 |
       Dungeon |    159 |    159 |      0 |      0 |    116 |   1 |  159.0 |
               +--------+--------+--------+--------+--------+-----+--------+

Top non-repeatable levels by time:
     D:1: 159 daAuts
